 Seeded DCSS version 0.31-a0-590-g8a5a4361df (webtiles) character file.

Game seed: 12651426165000924530 (custom seed)

735 Mickster the Cleaver (level 7, -10/61 HPs)
             Began as a Hill Orc Berserker on Aug 20, 2023.
             Was a Believer of Trog.
             Mangled by an ogre
             ... wielding a +0 giant club
              (20 damage)
             ... on level 4 of the Dungeon.
             The game lasted 00:18:08 (3328 turns).

Mickster the Cleaver (Hill Orc Berserker)           Turns: 3328, Time: 00:18:08

Health: -10/61     AC: 10    Str: 22    XL:     7   Next: 74%
Magic:  7/7        EV:  7    Int:  7    God:    Trog [**....]
Gold:   141        SH:  7    Dex: 10    Spells: 6/6 levels left

rFire   . . .        a - +0 hand axe
rCold   . . .        m - +0 kite shield
rNeg    . . .        s - +0 chain mail
rPois   .            o - +0 helmet
rElec   .            (no cloak)
rCorr   .            (no gloves)
SInv    .            (no boots)
Will    .....        (no amulet) Stlth
                     (no ring)
HPRegen 0.30/turn    (no ring)
MPRegen 0.10/turn

%: no passive effects
@: on berserk cooldown, slowed, very slow
A: no striking features
a: Renounce Religion, Berserk, Trog's Hand


You were on level 4 of the Dungeon.
You worshipped Trog.
Trog was pleased with you.
You visited 1 branch of the dungeon, and saw 4 of its levels.

You collected 141 gold pieces.

Inventory:

Hand Weapons
 a - a +0 hand axe (weapon)
Missiles
 b - 10 poisoned darts
 e - 53 stones
 r - 9 boomerangs
Armour
 m - a +0 kite shield (worn)
 o - a +0 helmet (worn)
 s - a +0 chain mail (worn)
Talismans
 p - a beast talisman
Scrolls
 f - a scroll of fog
 g - a scroll of fear
 u - a scroll of silence
Potions
 c - a potion of curing {unknown}
 d - a potion of attraction {unknown}
 h - a potion of berserk rage (quivered)
 i - a potion of invisibility {unknown}
 j - a potion of might {unknown}
 k - a potion of magic
 n - a potion of brilliance {unknown}
 t - a potion of lignification {unknown}


   Skills:
 + Level 5.0 Fighting
 * Level 9.0 Axes
 + Level 4.3 Armour
 + Level 2.1 Dodging
 + Level 0.2 Stealth
 + Level 2.4 Shields


You had 6 spell levels left.
You didn't know any spells.
Your spell library was empty.

Dungeon Overview and Level Annotations

Branches:
Dungeon (4/15)
 Temple: D:4-7

Altars:
Fedhas
Sif Muna
The Shining One

Annotations:
D:4 1 transporter, Shayle's ghost, amateur OgSh


Message History

You are exhausted.
You feel yourself slow down.
You feel the effects of Trog's Hand fading.
Shayle's ghost hits you but does no damage.
You barely miss Shayle's ghost.
Shayle's ghost is lightly damaged.
You hit the ogre. Shayle's ghost hits you. The ogre closely misses you.
You hit Shayle's ghost.
Shayle's ghost is lightly damaged.
You hit the ogre.
Shayle's ghost hits you but does no damage.
The ogre hits you with a +0 giant club!!
Shayle's ghost hits you.
You barely miss the ogre.
The ogre is moderately wounded.
You hit Shayle's ghost but do no damage.
Your skin stops crawling.
You feel less strong-willed.
Shayle's ghost hits you but does no damage.
You block the ogre's attack.
You hit the ogre.
The ogre is heavily wounded.
You slash Shayle's ghost! Shayle's ghost hits you.
The ogre hits you with a +0 giant club!
* * * LOW HITPOINT WARNING * * *
Shayle's ghost hits you!
* * * LOW HITPOINT WARNING * * *
You feel much better.
Shayle's ghost hits you but does no damage.
The ogre hits you with a +0 giant club.
You barely miss the ogre.
The ogre is heavily wounded.
You hit Shayle's ghost.
Shayle's ghost sneers, "Do you call that fighting?"
Shayle's ghost hits you. You block the ogre's attack. Shayle's ghost hits you!
* * * LOW HITPOINT WARNING * * *
You hit the ogre.
The ogre is heavily wounded.
You barely miss Shayle's ghost. Shayle's ghost barely misses you.
The ogre hits you with a +0 giant club!!
You die...

☼≈≈..## ☼≈≈..# #### .☼≈.##
#..######## .§≈.# #..#...
..# ....# #..#..##..# .#.##
#..#.#..#.# .#.#
#..#.#..#.#
.#.########.©#..##..####
.....##.....l#$W@O.©#..#
.###........©#!.##..##.#
.###.##.##...#.#..#.##.#
.............#.#..#.##.####
#.##.##......#..##..#.....#
#.##.##.##...#©.....##.##.#
.....##......#########.##.#
...........#### #.##..#.#
#.##.##.##.# #.###.).#


You could see an ogre, an iguana and Shayle's ghost.

Vanquished Creatures
  An ogre (D:4)
  6 necrophages (D:4)
  A scorpion (D:3)
  A gnoll bouda (D:4)
  A scorpion zombie (D:4)
  A hound zombie (D:4)
  7 gnolls
  2 adders (D:3)
  An adder zombie (D:4)
  2 worms
  2 dart slugs
  6 orcs (D:3)
  3 bats
  3 endoplasms
  6 giant cockroaches
  A goblin (D:2)
  6 hobgoblins
  3 quokkas
  2 ball pythons
  4 frilled lizards
  8 kobolds
  8 rats
75 creatures vanquished.

Notes
Turn   | Place    | Note
-------+----------+-------------------------------------------
     0 | D:1      | Mickster the Hill Orc Berserker began the quest for the
                  | Orb.
     0 | D:1      | Reached XP level 1. HP: 19/19 MP: 1/1
   138 | D:1      | Reached XP level 2. HP: 27/27 MP: 2/2
   660 | D:2      | Reached ** piety under Trog
   661 | D:2      | Reached XP level 3. HP: 33/33 MP: 3/3
  1344 | D:2      | Found a glowing golden altar of the Shining One.
  1705 | D:3      | Reached skill level 5 in Axes
  1714 | D:3      | Reached XP level 4. HP: 36/40 MP: 4/4
  2346 | D:3      | Noticed a scorpion
  2362 | D:3      | Killed a scorpion
  2363 | D:3      | Reached skill level 6 in Axes
  2363 | D:3      | Reached XP level 5. HP: 47/47 MP: 5/5
  2822 | D:4      | Found a shimmering blue altar of Sif Muna.
  2975 | D:4      | Reached skill level 1 in Shields
  2976 | D:4      | Reached XP level 6. HP: 49/53 MP: 6/6
  3100 | D:4      | Found a blossoming altar of Fedhas.
  3171 | D:4      | Reached skill level 7 in Axes
  3189 | D:4      | Reached skill level 8 in Axes
  3189 | D:4      | Reached XP level 7. HP: 53/60 MP: 7/7
  3293 | D:4      | Found a transporter.
  3293 | D:4      | Found a transporter.
  3294 | D:4      | Noticed Shayle's ghost (amateur OgSh)
  3320 | D:4      | Reached skill level 5 in Fighting
  3320 | D:4      | Reached skill level 9 in Axes
  3328 | D:4      | Mangled by an ogre

Illustrated notes

Levels and vault maps discovered:
D:1:      minmay_arrival_glassed_features, layout_rooms
D:2:      layout_basic, basic_altar, serial_glass, glass_columns_c,
          glass_columns_c, minmay_strange_pillars, feat_on_display
D:3:      layout_basic
D:4:      layout_loops_cross, old_standard_altar, mainiacjoe_overflow_alcove_2,
          nicolae_sif_muna_condensation, fedhas_altar_decomposition,
          portal_sewer_entry_e, gammafunk_ghost_smash

Skill      XL: |  1  2  3  4  5  6  7 |
---------------+----------------------+-----
Fighting       | 4 5 |  5.0
Axes           | 5 6 8 9 |  9.0
Armour         | 3 4 |  4.3
Dodging        | 2 |  2.1
Shields        | 1 2 |  2.4
Stealth        | |  0.2

Action                     |  1- 3 |  4- 6 |  7- 9 || total
---------------------------+-------+-------+-------++-------
  Melee: Hand axe          |   114 |   170 |    42 ||   326
         Punch             |     1 |       |       ||     1
 Invoke: Berserk           |     2 |     4 |     1 ||     7
         Trog's Hand       |       |     2 |     1 ||     3
    Use: Scroll            |     5 |     5 |       ||    10
         Potion            |       |       |     1 ||     1
 Armour: Animal skin       |    11 |       |       ||    11
         Scale mail        |    44 |    17 |       ||    61
         Chain mail        |       |    38 |    17 ||    55
  Dodge: Dodged            |    63 |    43 |     9 ||   115
  Block: Kite shield       |    19 |    38 |    16 ||    73

Table legend: (Time is in decaauts)
 A = Elapsed time spent in this place.
 B = Non-inter-level travel time spent in this place.
 C = Inter-level travel time spent in this place.
 D = Time resting spent in this place.
 E = Time spent auto-exploring this place.
 F = Levels seen in this place.
 G = Mean time per level.
                   A        B        C        D        E       F      G
               +--------+--------+--------+--------+--------+-----+--------+
         Total |   3432 |   3349 |     83 |    496 |   1674 |   4 |  858.0 |
       Dungeon |   3432 |   3349 |     83 |    496 |   1674 |   4 |  858.0 |
               +--------+--------+--------+--------+--------+-----+--------+

Top non-repeatable levels by time:
     D:3: 1446 daAuts
     D:2: 837 daAuts
     D:1: 611 daAuts
     D:4: 536 daAuts
